 Dungeon Crawl Stone Soup version 0.29.1-4-g47bece8355 (webtiles) character file.

Game seed: 16539303372402478892

13733 hawla the Thaumaturge (level 12, -13/91 HPs)
             Began as a Meteoran Ice Elementalist on Dec 6, 2022.
             Was a Believer of Vehumet.
             Killed from afar by an ice statue (25 damage)
             ... with a shard of ice
             ... in an ice cave.
             The game lasted 00:33:58 (4791 turns).

hawla the Thaumaturge (Meteoran Ice Elementalist)   Turns: 4791, Time: 00:34:00

Health: -13/91     AC:  9    Str: 11    XL:     12   Next: 68%
Magic:  27/31      EV: 16    Int: 26    God:    Vehumet [**....]
Gold:   204        SH:  0    Dex: 20    Spells: 24/39 levels left

rFire   . . .      SeeInvis +   r - +5 great sword
rCold   . . .      Faith    .   (shield currently unavailable)
rNeg    . . .      Spirit   .   a - +0 robe
rPois   .          Reflect  .   k - +0 helmet
rElec   +          Harm     .   i - +0 cloak "Jelim" {rElec Dex+2}
rCorr   .          Rampage  ∞   l - +0 pair of gloves
Will    ++...                   c - +3 pair of seven-league boots {Rampage+∞}
Stlth   ++........              (no amulet)
HPRegen 0.25/turn               j - +6 ring of intelligence
MPRegen 0.22/turn               n - ring of see invisible

@: glowing
A: sense surroundings 2, otherworldly, glowing, explore regen, thin skeletal
structure 1, strong-willed 1
a: Renounce Religion


You were in an ice cave.
You worshipped Vehumet.
Vehumet was pleased with you.
You visited 3 branches of the dungeon, and saw 13 of its levels.
You also visited: Ice Cave.

You collected 384 gold pieces.
You spent 180 gold pieces at shops.

Inventory:

Hand Weapons
 e - the +2 dagger "Uleddik" {vamp, rElec rF+++ rC-}
   (You found it on level 6 of the Dungeon)

   It occasionally heals its wielder for a portion of the damage dealt when it
   wounds a living foe.
   rF:        It renders you almost immune to fire.
   rC:        It makes you vulnerable to cold.
   rElec:     It insulates you from electricity.
 r - a +5 great sword (weapon)
Armour
 a - a +0 robe (worn)
 c - the +3 pair of seven-league boots (worn) {Rampage+∞}
   (You acquired it on level 6 of the Dungeon)

   Its wearer moves as far as possible in that direction when moving towards
   enemies.
 i - the +0 cloak "Jelim" (worn) {rElec Dex+2}
   (You found it on level 7 of the Dungeon)

   Dex:       It affects your dexterity (+2).
   rElec:     It insulates you from electricity.
 k - a +0 helmet (worn)
 l - a +0 pair of gloves (worn)
Jewellery
 j - a +6 ring of intelligence (left hand)
 n - a ring of see invisible (right hand)
Wands
 h - a wand of flame (10)
 t - a wand of digging (3)
Scrolls
 b - 2 scrolls of silence
 u - 3 scrolls of identify
Potions
 d - 2 potions of curing
 g - 2 potions of magic
 m - a potion of brilliance
 o - 3 potions of heal wounds
 q - a potion of attraction {unknown}
 v - a potion of might {unknown}
Miscellaneous
 w - a lightning rod (4/4)


   Skills:
 + Level 3.8 Fighting
 + Level 3.6(4.2) Short Blades
 + Level 3.2(4.2) Long Blades
 + Level 6.9 Dodging
 - Level 1.4 Stealth
 + Level 14.2 Spellcasting
 + Level 7.3 Conjurations
 + Level 2.3 Fire Magic
 + Level 12.0 Ice Magic
 + Level 4.8 Earth Magic


You had 24 spell levels left.
You knew the following spells:

 Your Spells              Type           Power      Damage    Failure   Level
a - Freeze                Ice            100%       1d11      1%          1
b - Frozen Ramparts       Ice            100%       1d16      1%          3
c - Hailstorm             Conj/Ice       62%        3d13      1%          4
d - Stone Arrow           Conj/Erth      100%       3d13      1%          3
e - Passwall              Tmut/Erth      25%        N/A       1%          2
f - Scorch                Fire           60%        2d8       1%          2

Your spell library contained the following spells:

 Spells                   Type           Power      Damage    Failure   Level
 Dazzling Flash           Conj/Hex       74%        N/A       1%          3
 Sandblast                Erth           86%        2d18      1%          1
 Ozocubu's Armour         Ice            69%        N/A       1%          3
 Poisonous Vapours        Pois/Air       36%        N/A       4%          2
 Gell's Gravitas          Tloc           18%        N/A       9%          3
 Lesser Beckoning         Tloc           18%        N/A       9%          3
 Portal Projectile        Hex/Tloc       36%        N/A       9%          3
 Teleport Other           Tloc           18%        N/A       9%          3
 Tukima's Dance           Hex            18%        N/A       9%          3
 Corpse Rot               Necr/Pois/Air  18%        N/A       30%         4
 Blade Hands              Tmut           9%         N/A       63%         5


Dungeon Overview and Level Annotations

Branches:
Dungeon (10/15) Zot: 1899  Temple (1/1) D:7 Zot: 585    Lair (2/5) D:10 Zot: 609
  IceCv (1/1) Zot: 512
  Swamp: Lair:2-3    Shoals: Lair:2-3     Snake: Lair:2-3    Spider: Lair:2-3
    Orc: D:9-12

Altars:
Ashenzari
Cheibriados
Dithmenos
Elyvilon
Fedhas
Gozag
Hepliaklqana
Kikubaaqudgha
Makhleb
Nemelex Xobeh
Okawaru
Sif Muna
Vehumet
Wu Jian
Xom
Yredelemnul
Zin
The Shining One

Shops:
D:1 (   D:6 (   D:7 !

Annotations:
D:5 3 runed translucent doors, superradish's ghost, novice DsBr
D:6 2 transporters, PhantomBowie's ghost, novice GrBe IceCv exclusion: ice statue


Innate Abilities, Weirdness & Mutations

You passively map the area around you.
You are easily found by Zot.
You glow in the dark.
You regain HP and MP as you explore.
You have a somewhat thin skeletal structure. (Dex +2, Stealth+)
You are strong-willed. (Will+)


Message History

Marking area around an ice statue as unsafe for travelling.
No reachable target in view!
You stride towards the ice statue!
You barely miss the ice statue. The ice statue gestures at you.
The freezing blast misses you.
Casting: Scorch (safe; 1% risk of failure)
Confirm with . or Enter, or press ? or * to list all spells.
Flames lash the ice statue but do no damage.
You are engulfed in freezing vapours.
Casting: Scorch (safe; 1% risk of failure)
Confirm with . or Enter, or press ? or * to list all spells.
Flames lash the ice statue.
The ice statue melts!
The ice statue is lightly damaged.
The ice statue's fire resistance burns away.
You are engulfed in freezing vapours.
Casting: Scorch (safe; 1% risk of failure)
Confirm with . or Enter, or press ? or * to list all spells.
Flames lash the ice statue.
The ice statue melts!
The ice statue is lightly damaged.
You are engulfed in freezing vapours.
* * * LOW HITPOINT WARNING * * *
The ice statue gestures.
Okay, then.
As you read the scroll of magic mapping, it crumbles to dust.
You feel aware of your surroundings. The ice statue gestures at you.
The freezing blast engulfs you.
* * * LOW HITPOINT WARNING * * *
You are engulfed in freezing vapours.
* * * LOW HITPOINT WARNING * * *
The ice statue gestures.
You feel much better.
You are engulfed in freezing vapours.
* * * LOW HITPOINT WARNING * * *
The ice beast attacks as you move away! The ice beast hits you.
* * * LOW HITPOINT WARNING * * *
The ice beast freezes you!
* * * LOW HITPOINT WARNING * * *
The ice statue gestures at you. The shard of ice hits you!!
You die...

##...#* * # ##....# ### *
## #### *.....# #.## *
.#####..####....###.8# *
...##....##....###...##
**
††.....#.†.....##○☼Y..##
*,
†.....###†.†...##Y○○...#*
*, .##..##
###...#..☼☼°##..# **,
###### ##....@...#*#.#*
*,, # #........## *..#
**,* ##.......# **.# *,,*
##.....## *,,#* **,,*
##....# **,,* *,,**
##..## *,,***,,* ####
*,,**,,** **,,*,,*
**,,,**


You could see an ice statue (combustible) and 2 ice beasts.

Vanquished Creatures
  A centaur warrior (D:10)
  A death yak (IceCv)
  A lindwurm (Lair:2)
  An oklob plant (D:10)
  A cyclops (D:10)
  A black mamba (Lair:2)
  2 rime drakes (IceCv)
  A freezing wraith (D:10)
  A troll (D:9)
  4 polar bears
  Prince Ribbit (D:6)
  3 blink frogs (Lair:2)
  A shadow (D:9)
  3 wyverns
  A basilisk (Lair:2)
  18 yaks
  Grum (D:9)
  4 steam dragons
  Menkaure (D:6)
  A naga (Lair:2)
  An acid dragon (D:10)
  5 water moccasins
  3 ice beasts
  2 black bears (D:6)
  2 orc warriors
  2 sky beasts
  2 ogres
  4 wolves
  4 centaurs
  Blork the orc (D:6)
  A kobold brigand (D:8)
  8 bullfrogs
  2 necrophages (D:7)
  4 scorpions
  A wight (D:8)
  2 killer bees (D:10)
  3 howler monkeys (D:4)
  5 orc priests
  2 hounds
  4 jellies
  An iguana (D:6)
  5 orc wizards
  7 adders
  14 white imps
  3 ufetubi
  2 worms
  2 dart slugs
  25 orcs
  2 ball pythons
  5 endoplasms
  2 giant cockroaches (D:1)
  7 hobgoblins
  4 quokkas
  A bat (D:1)
  A frilled lizard (D:2)
  5 goblins
  2 kobolds (D:4)
  3 rats
197 creatures vanquished.

Vanquished Creatures (others)
  2 fungi (Lair:2)
  6 plants
8 creatures vanquished.

Grand Total: 205 creatures vanquished

Notes
Turn   | Place    | Note
-------+----------+-------------------------------------------
     0 | D:1      | hawla the Meteoran Ice Elementalist began the quest for the
                  | Orb.
     0 | D:1      | Reached XP level 1. HP: 14/14 MP: 5/5
   106 | D:1      | Reached XP level 2. HP: 10/20 MP: 3/6
   154 | D:1      | Found Liesiotu's Antique Weapon Shoppe.
   223 | D:3      | Reached XP level 3. HP: 26/26 MP: 6/8
   226 | D:3      | Reached skill level 3 in Spellcasting
   230 | D:3      | Learned a level 3 spell: Frozen Ramparts
   293 | D:4      | Reached skill level 5 in Ice Magic
   362 | D:4      | Reached XP level 4. HP: 29/33 MP: 6/10
   373 | D:4      | Reached skill level 4 in Spellcasting
   373 | D:4      | Reached XP level 5. HP: 19/38 MP: 5/12
   402 | D:4      | Noticed an ogre
   410 | D:4      | Killed an ogre
   411 | D:4      | Reached skill level 5 in Spellcasting
   411 | D:4      | Reached XP level 6. HP: 7/46 MP: 5/14
   440 | D:4      | Noticed an ogre
   492 | D:3      | Learned a level 4 spell: Hailstorm
   584 | D:4      | Reached skill level 1 in Conjurations
   723 | D:4      | Reached XP level 7. HP: 43/51 MP: 10/16
   858 | D:5      | Entered Level 5 of the Dungeon
   896 | D:5      | Found a glowing golden altar of the Shining One.
  1024 | D:5      | Reached skill level 6 in Spellcasting
  1089 | D:5      | Found a runed translucent gate.
  1090 | D:5      | Found a runed translucent gate.
  1090 | D:5      | Noticed superradish's ghost (novice DsBr)
  1091 | D:5      | Found a runed translucent gate.
  1174 | D:6      | Identified a scroll of acquirement
  1174 | D:6      | Acquired the +3 pair of seven-league boots {Rampage+∞}
  1174 | D:6      | Found the +3 pair of seven-league boots {Rampage+∞}
  1196 | D:6      | Noticed Prince Ribbit
  1206 | D:6      | Killed Prince Ribbit
  1207 | D:6      | Reached skill level 1 in Fighting
  1207 | D:6      | Reached XP level 8. HP: 59/59 MP: 5/19
  1213 | D:6      | Reached skill level 7 in Spellcasting
  1228 | D:6      | Noticed a slime creature
  1349 | D:6      | Found a transporter.
  1352 | D:6      | Noticed PhantomBowie's ghost (novice GrBe)
  1361 | D:6      | Noticed a steam dragon
  1365 | D:6      | Killed a steam dragon
  1439 | D:6      | Reached skill level 8 in Spellcasting
  1439 | D:6      | Gained mutation: You passively map the area around you.
                  | [Meteoran growth]
  1439 | D:6      | Reached XP level 9. HP: 59/64 MP: 1/22
  1439 | D:6      | Found a transporter.
  1449 | D:6      | Noticed Blork the orc
  1456 | D:6      | Killed Blork the orc
  1471 | D:6      | Learned a level 3 spell: Stone Arrow
  1474 | D:6      | Learned a level 2 spell: Passwall
  1527 | D:6      | Found Kowui's Weapon Shoppe.
  1580 | D:6      | Identified the +2 dagger "Uleddik" {vamp, rElec rF+++ rC-}
  1885 | D:6      | Reached skill level 9 in Spellcasting
  1895 | D:6      | Noticed Menkaure
  1898 | D:6      | Killed Menkaure
  2153 | D:7      | Gained mutation: You are strong-willed. (Will+) [potion of
                  | mutation]
  2153 | D:7      | Gained mutation: You are weak. (Str -2) [potion of
                  | mutation]
  2153 | D:7      | Gained mutation: You are somewhat resistant to further
                  | mutation. [potion of mutation]
  2154 | D:7      | Lost mutation: You are strong-willed. (Will+) [potion of
                  | mutation]
  2154 | D:7      | Lost mutation: You are weak. (Str -2) [potion of mutation]
  2154 | D:7      | Lost mutation: You are somewhat resistant to further
                  | mutation. [potion of mutation]
  2154 | D:7      | Gained mutation: You have supernaturally acute eyesight.
                  | (SInv) [potion of mutation]
  2154 | D:7      | Gained mutation: You occasionally lose the ability to read
                  | scrolls when taking damage. [potion of mutation]
  2154 | D:7      | Gained mutation: You have a somewhat thin skeletal
                  | structure. (Dex +2, Stealth+) [potion of mutation]
  2252 | D:7      | Reached skill level 1 in Earth Magic
  2444 | D:7      | Identified the +0 cloak "Jelim" {rElec Dex+2}
  2462 | D:7      | Reached XP level 10. HP: 72/72 MP: 15/24
  2511 | D:7      | Reached skill level 1 in Short Blades
  2521 | D:7      | Found a staircase to the Ecumenical Temple.
  2531 | Temple   | Entered the Ecumenical Temple
  2538 | Temple   | Became a worshipper of Vehumet
  2701 | D:7      | Found Poafraimuc's Distillery.
  2707 | D:7      | Bought a potion of brilliance for 48 gold pieces
  2707 | D:7      | Bought a potion of berserk rage for 60 gold pieces
  2707 | D:7      | Bought a potion of degeneration for 12 gold pieces
  2707 | D:7      | Bought a potion of heal wounds for 60 gold pieces
  2709 | D:7      | Lost mutation: You have supernaturally acute eyesight.
                  | (SInv) [potion of mutation]
  2709 | D:7      | Lost mutation: You occasionally lose the ability to read
                  | scrolls when taking damage. [potion of mutation]
  2709 | D:7      | Gained mutation: You are strong-willed. (Will+) [potion of
                  | mutation]
  2768 | D:7      | Reached skill level 10 in Spellcasting
  2812 | D:8      | Reached skill level 5 in Dodging
  2813 | D:8      | Reached skill level 10 in Ice Magic
  2991 | D:8      | Reached skill level 11 in Spellcasting
  3105 | D:8      | Reached skill level 5 in Conjurations
  3106 | D:8      | Noticed a six-headed hydra
  3128 | D:9      | Noticed Grum
  3137 | D:9      | Killed Grum
  3138 | D:9      | Reached XP level 11. HP: 47/80 MP: 11/27
  3140 | D:9      | Reached * piety under Vehumet
  3140 | D:9      | Offered knowledge of Foxfire by Vehumet.
  3546 | D:9      | Reached skill level 12 in Spellcasting
  3603 | D:9      | Found a shimmering blue altar of Sif Muna.
  3662 | D:9      | Found an iron altar of Okawaru.
  3946 | D:10     | Entered Level 10 of the Dungeon
  3954 | D:10     | Noticed an oklob plant
  4018 | D:10     | Found a staircase to the Lair.
  4075 | D:10     | Killed an oklob plant
  4104 | D:10     | Noticed a cyclops
  4108 | D:10     | Noticed a centaur warrior
  4112 | D:10     | Killed a centaur warrior
  4113 | D:10     | Noticed a skeletal warrior
  4113 | D:10     | Killed a cyclops
  4129 | Lair:1   | Entered Level 1 of the Lair of Beasts
  4194 | Lair:2   | Noticed a black mamba
  4197 | Lair:2   | Offered knowledge of Scorch by Vehumet.
  4198 | Lair:2   | Reached skill level 13 in Spellcasting
  4198 | Lair:2   | Reached XP level 12. HP: 74/89 MP: 21/30
  4200 | Lair:2   | Reached ** piety under Vehumet
  4212 | Lair:2   | Learned a level 2 spell: Scorch
  4296 | Lair:2   | Noticed a lindwurm
  4306 | Lair:2   | Killed a lindwurm
  4307 | Lair:2   | Reached skill level 1 in Long Blades
  4690 | Lair:1   | Found a frozen archway.
  4713 | IceCv    | Entered an ice cave
  4717 | IceCv    | Offered knowledge of Dazzling Flash by Vehumet.
  4721 | IceCv    | Reached skill level 1 in Fire Magic
  4732 | IceCv    | Noticed a death yak
  4742 | IceCv    | Reached skill level 14 in Spellcasting
  4756 | IceCv    | Killed a death yak
  4789 | IceCv    | HP: 2/91 [ice statue] (21)]
  4791 | IceCv    | Killed from afar by an ice statue

Illustrated notes

Levels and vault maps discovered:
D:1:      pf_arrival_petrified_forest, layout_loops_ring, serial_shops, shop,
          shapermc_ecumenical_altar_mp_urbaneastern
D:2:      minmay_diamond_boxcup, layout_rooms, serial_shops, shop, basic_altar,
          supply_closet_lemuel
D:3:      layout_loops_ring, chequers_temple_overflow_minitemple
D:4:      minmay_chambers_of_twos, layout_loops_cross
D:5:      layout_loops_corners, mainiacjoe_overflow_alcove_2,
          biasface_ghost_orc_armoury
D:6:      layout_basic, gup_sewer_entry_bowl, gammafunk_ghost_arena,
          serial_shops, kennysheep_mini_moat, uniq_blork_the_orc,
          uniq_prince_ribbit1, uniq_menkaure
D:7:      layout_gridville, minmay_temple_entry_trees, serial_shops, shop
D:8:      cheibrodos_ideogram_h, layout_loops_ring, minivault_27, minivault_22
D:9:      layout_basic, mainiacjoe_overflow_concentric_impassable,
          kennysheep_mini, uniq_grum
D:10:     minmay_the_grid_square_5x5_4x4
          [minmay_the_grid_square_5x5_checkered_statues,
          minmay_the_grid_square_5x5_minimal,
          minmay_the_grid_square_5x5_minivault,
          minmay_the_grid_square_5x5_checkered,
          minmay_the_grid_square_5x5_almost_minimal,
          minmay_the_grid_square_5x5_prize_rear_guard,
          minmay_the_grid_square_5x5_prize_junk,
          minmay_the_grid_square_5x5_hourglass,
          minmay_the_grid_square_5x5_inner_z,
          minmay_the_grid_square_5x5_prize_open,
          minmay_the_grid_square_5x5_prize_deathbox,
          minmay_the_grid_square_5x5_eight, minmay_the_grid_square_5x5_inner_i,
          minmay_the_grid_square_5x5_moneybag,
          minmay_the_grid_square_5x5_trominoes,
          minmay_the_grid_square_5x5_tetrominoes], layout_long_grid,
          dpeg_oklobed_lair, eino_small_chamber_without_monster, wad_dig_loot
Temple:   nicolae_temple_no_exploring_needed
Lair:1:   layout_loops_ring, gammafunk_ghost_cemetery,
          portal_ice_cave_entry_imps, nicolae_quartered_pool_medium,
          beast_lair_carwin_1, lemuel_fruit_tree
Lair:2:   layout_hall_layers, minmay_snake_entry_guardpost_medium
IceCv:    ice_cave_small_giant

Skill      XL: |  1  2  3  4  5  6  7  8  9 10 11 12 |
---------------+-------------------------------------+-----
Spellcasting   | 3 4 5 6 8 9 11 13 14 | 14.2
Ice Magic      | 5 6 7 8 9 10 11 12 | 12.0
Conjurations   | 2 3 4 5 6 7 |  7.3
Fighting       | 1 2 3 |  3.8
Dodging        | 3 4 5 6 |  6.9
Earth Magic    | 1 2 4 |  4.8
Short Blades   | 3 |  3.6
Long Blades    | 3 |  3.2
Fire Magic     | 2 |  2.3
Stealth        | |  1.4

Action                   |  1- 3 |  4- 6 |  7- 9 | 10-12 || total
-------------------------+-------+-------+-------+-------++-------
Melee: Unarmed           |     4 |       |    32 |       ||    36
       Dagger            |       |       |    20 |   117 ||   137
       Punch             |       |       |     1 |     2 ||     3
       Great sword       |       |       |       |    39 ||    39
 Cast: Freeze            |    36 |    24 |    24 |    24 ||   108
       Frozen Ramparts   |     2 |    14 |    18 |    31 ||    65
       Hailstorm         |       |       |    21 |    44 ||    65
       Stone Arrow       |       |       |    19 |    40 ||    59
       Scorch            |       |       |       |    13 ||    13
  Use: Scroll            |       |       |     9 |     6 ||    15
       Potion            |       |       |     4 |     7 ||    11
Armor: Robe              |     7 |     5 |    28 |    79 ||   119
       Skin              |       |       |     6 |    14 ||    20
Dodge: Dodged            |    16 |    14 |    48 |   159 ||   237
